 Dungeon Crawl Stone Soup version 0.15.2 (webtiles) character file.

14264 DaftWullie the Slicer (level 12, -6/112 HPs)
             Began as a Kobold Berserker on Dec 16, 2014.
             Was an Elder of Trog.
             Mangled by a hill giant
             ... wielding a +0 giant club
              (34 damage)
             ... on Level 12 of the Dungeon on Dec 18, 2014.
             The game lasted 03:05:55 (15727 turns).

DaftWullie the Slicer (Kobold Berserker)           Turns: 15727, Time: 03:05:55

HP  -6/112       AC  9     Str 21      XL: 12   Next: 43%
MP  22/22        EV 25     Int  6      God: Trog [****..]
Gold 856         SH  0     Dex 21      Spells:  0 memorised, 11 levels left

rFire  . . .     SeeInvis +     a - +0 short sword (holy)
rCold  . . .     Clarity  +     j - +0 leather armour
rNeg   . . .     rCorr    .     (no shield)
rPois  .         rRot     .     y - +0 helmet
rElec  .         Spirit   .     U - +2 cloak
SustAb .         Warding  .     X - +0 pair of gloves
rMut   .         Stasis   .     g - +0 pair of boots
Gourm  .                        f - amulet of clarity
MR     .....                    V - ring of see invisible
                                s - +2 ring of dexterity

@: berserking, very quick, not resistant to hostile enchantments, extremely
unstealthy
A: carnivore 3
a: Burn Spellbooks, Berserk, Trog's Hand, Brothers in Arms, Renounce Religion


You were on level 12 of the Dungeon.
You worshipped Trog.
Trog was greatly pleased with you.
You were full.

You visited 2 branches of the dungeon, and saw 14 of its levels.

You collected 919 gold pieces.
You spent 63 gold pieces at shops.

Inventory:

Hand weapons
 a - a +0 short sword of holy wrath (weapon)
 b - a +0 hunting sling
 Z - a +1 falchion
Missiles
 d - 121 stones (quivered)
 n - 13 sling bullets
 o - 5 poisoned sling bullets
 u - 14 poisoned needles
 Y - 7 sling bullets of flame
Armour
 g - a +0 pair of boots (worn)
 j - a +0 leather armour (worn)
 y - a +0 helmet (worn)
 U - a +2 cloak (worn)
 X - a +0 pair of gloves (worn)
Magical devices
 e - a wand of random effects (14)
 m - a wand of random effects (20)
Comestibles
 c - 6 meat rations
 i - a beef jerky
 x - a rotting chunk of centaur flesh
Scrolls
 k - a scroll of fear
 q - a scroll of enchant weapon
 v - a scroll of immolation {unknown}
 w - 2 scrolls of remove curse
 z - a scroll of identify
 D - a scroll of noise {unknown}
 G - 3 scrolls of blinking
 H - a scroll of recharging {unknown}
Jewellery
 f - an amulet of clarity (around neck)
 s - a +2 ring of dexterity (left hand)
 t - an uncursed amulet of stasis
 V - a ring of see invisible (right hand)
Potions
 h - a potion of lignification {unknown}
 l - a potion of cancellation {unknown}
 p - a potion of brilliance
 r - a potion of heal wounds
 A - 2 potions of agility
 B - a potion of resistance {unknown}
 J - 4 potions of curing


   Skills:
 * Level 8.5 Fighting
 + Level 14.6 Short Blades
 - Level 0.1(6.2) Long Blades
 - Level 4.0(6.2) Slings
 - Level 7.9(8.5) Throwing
 - Level 1.5 Armour
 + Level 11.4 Dodging
 * Level 7.3 Stealth
 + Level 6.6 Evocations


You had 11 spell levels left.
You didn't know any spells.

Dungeon Overview and Level Annotations

Branches:
Dungeon (12/15)            Temple (0/1) D:4             Orc (0/4) D:11
   Lair (2/8) D:10

Altars:

Shops:
D:5 [}=[

Annotations:
D:11 exclusion: hydra
Lair:1 Nergalle


Innate Abilities, Weirdness & Mutations

You are small and have problems with some larger weapons.
You are carnivorous and can eat meat at any time.


Message History

You puncture the hill giant!
The hill giant is moderately wounded.
You hit the hill giant.
The hill giant is moderately wounded.
The hill giant hits you with a giant club!!
You hit the hill giant.
The hill giant is heavily wounded.
You barely miss the hill giant.
The hill giant is heavily wounded.
You hit the hill giant.
The hill giant is heavily wounded.
The hill giant hits you with a giant club!!
* * * LOW HITPOINT WARNING * * *
Use which ability? (? or * to list)
A red film seems to cover your vision as you go berserk!
You feel yourself moving faster!
You feel mighty!
You slash the hill giant!
The hill giant is severely wounded.
The hill giant hits you with a giant club!!
You die...

#..###.###......####.#
#..##
##.##..##.....#..###.#
....
#.....##..........#..#
.###
####.....................
#
.#...........###.......##
...###........###.....#
.## #..#
#.....###.#.....# ..# ##
#..# #...### ##......###
#.####. #.## #).##
#.@C<....####..##.. #.#
#..# ##.............#...
#.# #####
#.................
#.###...#
###...............
......###
#..#...###....... .##...#
####..#.(#)...... ####..#
####...##..... ##.#
#.#####..### # ### ###
#..# #


You could see a hill giant.

Vanquished Creatures
  A centaur warrior (D:12)
  The ghost of SaintRoka the Frost Mage, a powerful NaIE of Okawaru (D:11)
  The ghost of SaintRoka the Frost Mage, an experienced NaIE of Okawaru (D:11)
  An ugly thing (D:11)
  A guardian serpent (D:10)
  The ghost of ghwc the Grave Robber, an experienced DrWn of Kikubaaqudgha (D:5)
  A kobold demonologist (D:10)
  A komodo dragon (D:12)
  2 trolls
  A two-headed ogre (D:8)
  A catoblepas skeleton (D:12)
  3 humans (D:9)
  7 yaks
  Eustachio (D:6)
  3 deep elf magi
  3 wyverns
  A hungry ghost (D:12)
  Edmund (D:6)
  4 water moccasins
  Menkaure (D:6)
  5 orc warriors
  A sky beast (D:5)
  A soldier ant (D:12)
  5 ogres
  2 black bears
  10 ice beasts
  The ghost of Kite the Fey Minotaur, an average MiDK of Yredelemnul (D:3)
  3 crocodiles
  A phantom (D:11)
  12 centaurs
  Sigmund (D:3)
  6 giant frogs
  2 gnoll sergeants (D:6)
  A cyclops skeleton (D:8)
  2 scorpions
  An eye of draining (D:8)
  14 wights
  11 killer bees
  2 centaur zombies
  5 crimson imps
  A gnoll shaman (D:8)
  2 goliath beetles
  3 jellies
  An elf zombie (D:12)
  5 orc priests
  6 hounds
  5 iguanas
  Natasha (D:3)
  7 orc wizards
  8 worker ants
  A sky beast zombie (D:8)
  A hound skeleton (D:11)
  10 adders
  27 gnolls
  2 shadow imps (D:6)
  2 giant mites
  3 worms
  An iguana zombie (D:3)
  2 adder skeletons
  An adder zombie (D:5)
  9 giant geckos
  An ooze (D:3)
  28 orcs
  7 giant cockroaches
  21 hobgoblins
  12 kobolds
  7 quokkas
  17 bats
  4 giant newts
  18 goblins
  2 hobgoblin skeletons
  7 jackals
  A jackal skeleton (D:4)
  A jackal zombie (D:5)
  A kobold skeleton (D:6)
  An orc skeleton (D:10)
  6 rats
  2 rat skeletons
356 creatures vanquished.

Vanquished Creatures (others)
  A black bear (D:11)
  A giant spore (D:12)
2 creatures vanquished.

Grand Total: 358 creatures vanquished

Notes
Turn   | Place    | Note
--------------------------------------------------------------
     0 | D:1      | DaftWullie, the Kobold Berserker, began the quest for the Orb.
     0 | D:1      | Reached XP level 1. HP: 14/14 MP: 1/1
   265 | D:1      | Reached XP level 2. HP: 12/19 MP: 2/2
   671 | D:1      | Reached XP level 3. HP: 23/23 MP: 3/3
   757 | D:1      | Reached skill level 5 in Short Blades
   778 | D:1      | Acquired Trog's second power
  1525 | D:2      | Reached XP level 4. HP: 24/28 MP: 4/4
  2530 | D:3      | Reached skill level 1 in Stealth
  2637 | D:3      | Reached skill level 1 in Throwing
  2641 | D:3      | Reached skill level 1 in Slings
  2775 | D:3      | Reached XP level 5. HP: 33/33 MP: 5/5
  2780 | D:3      | Noticed Kite's ghost (average MiDK)
  2861 | D:3      | Killed Kite's ghost
  2861 | D:3      | Reached XP level 6. HP: 34/38 MP: 6/6
  3087 | D:3      | Noticed Sigmund
  3121 | D:3      | Killed Sigmund
  3121 | D:3      | Reached skill level 6 in Short Blades
  3701 | D:3      | Noticed an ogre
  3709 | D:3      | Killed an ogre
  3709 | D:3      | Reached XP level 7. HP: 13/43 MP: 7/7
  3861 | D:3      | Noticed Natasha
  3870 | D:3      | Killed Natasha
  4507 | D:4      | Found a staircase to the Ecumenical Temple.
  4794 | D:5      | Entered Level 5 of the Dungeon
  4830 | D:5      | Found Straocs' Armour Shop.
  4833 | D:5      | Bought a +0 cloak for 63 gold pieces
  4862 | D:5      | Found Daithosk's Jewellery Emporium.
  4920 | D:5      | Found Rauveam's Armour Emporium.
  5037 | D:5      | Reached skill level 7 in Short Blades
  5110 | D:5      | Noticed ghwc's ghost (experienced DrWn)
  5125 | D:5      | Killed ghwc's ghost
  5125 | D:5      | Reached skill level 5 in Dodging
  5125 | D:5      | Reached XP level 8. HP: 48/48 MP: 8/8
  5127 | D:5      | Reached skill level 8 in Short Blades
  5206 | D:5      | Found Isyvoury's Gadget Boutique.
  5319 | D:5      | Acquired Trog's third power
  6020 | D:6      | Noticed Menkaure
  6024 | D:6      | Killed Menkaure
  6024 | D:6      | Reached skill level 9 in Short Blades
  6024 | D:6      | Reached XP level 9. HP: 53/53 MP: 9/9
  6240 | D:6      | Noticed Eustachio
  6258 | D:6      | Killed Eustachio
  6258 | D:6      | Reached skill level 5 in Fighting
  6451 | D:6      | Reached skill level 10 in Short Blades
  6903 | D:6      | Noticed Edmund
  7004 | D:6      | Killed Edmund
  7004 | D:6      | Reached skill level 5 in Throwing
  7596 | D:7      | Reached skill level 11 in Short Blades
  7744 | D:7      | Reached XP level 10. HP: 60/60 MP: 10/10
  8848 | D:8      | Received a gift from Trog
  9014 | D:8      | Reached skill level 12 in Short Blades
  9298 | D:8      | HP: 2/61 [orc priest/divine providence (14)]
  9317 | D:8      | Reached skill level 5 in Stealth
  9935 | D:9      | Received a gift from Trog
 10464 | D:9      | Reached XP level 11. HP: 8/66 MP: 11/11
 10679 | D:9      | Reached skill level 1 in Evocations
 10728 | D:9      | Reached skill level 10 in Dodging
 11227 | D:10     | Entered Level 10 of the Dungeon
 11763 | D:10     | Identified a scroll of acquirement
 11854 | D:10     | Found a staircase to the Lair.
 11869 | Lair:1   | Entered Level 1 of the Lair of Beasts
 11898 | Lair:1   | Noticed Nergalle
 12026 | Lair:2   | Reached skill level 13 in Short Blades
 12628 | D:11     | Noticed SaintRoka's ghost (experienced NaIE)
 12642 | D:11     | Killed SaintRoka's ghost
 12678 | D:11     | Noticed a seven-headed hydra
 12744 | D:11     | Noticed a cyclops
 13542 | D:11     | Received a gift from Trog
 13700 | D:11     | Found a staircase to the Orcish Mines.
 13721 | D:11     | Noticed a brown ugly thing
 13762 | D:11     | Killed a brown ugly thing
 13952 | D:11     | Reached skill level 5 in Evocations
 13952 | D:11     | Reached XP level 12. HP: 56/73 MP: 20/20
 13988 | D:11     | Noticed SaintRoka's ghost (powerful NaIE)
 14223 | D:11     | Killed SaintRoka's ghost
 14223 | D:11     | Reached skill level 14 in Short Blades
 15301 | D:12     | Noticed a centaur warrior
 15335 | D:12     | Killed a centaur warrior
 15727 | D:12     | Mangled by a hill giant

Action                   |  1- 3 |  4- 6 |  7- 9 | 10-12 || total
-------------------------+-------+-------+-------+-------++-------
Melee: Short sword       |   104 |   146 |   611 |  1313 ||  2174
       Falchion          |       |       |       |    28 ||    28
 Fire: Hunting sling     |    15 |    67 |    74 |   137 ||   293
Throw: Stone             |    13 |    41 |    24 |   102 ||   180
Invok: Berserk           |     2 |     9 |    13 |    24 ||    48
       Trog's Hand       |       |     4 |     9 |    15 ||    28
       Burn Spellbooks   |       |       |     1 |       ||     1
       Brothers in Arms  |       |       |       |     1 ||     1
Evoke: Wand              |       |       |       |     9 ||     9
  Use: Scroll            |       |       |    10 |    15 ||    25
       Potion            |       |       |     1 |     3 ||     4
 Stab: Sleeping          |       |       |     6 |    14 ||    20
       Distracted        |       |       |       |     3 ||     3
  Eat: Chunk             |     9 |    15 |    30 |    36 ||    90
       Beef jerky        |       |       |     1 |     1 ||     2
       Pizza             |       |       |       |     9 ||     9
